 Dungeon Crawl Stone Soup version 0.15-a0-1866-g491fd59 (webtiles) character file.

7840 Kenran the Bludgeoner (level 11, -1/60 HPs)
             Began as a Gargoyle Fighter on July 4, 2014.
             Was an Elder of Makhleb.
             Killed from afar by a white imp (3 damage)
             ... with a puff of frost
             ... on Level 1 of the Lair of Beasts.
             The game lasted 00:32:36 (10639 turns).

Kenran the Bludgeoner (Gargoyle Fighter)           Turns: 10639, Time: 00:32:36

HP  -1/60        AC 26     Str 24      XL: 11   Next: 21%
MP  11/11        EV  4     Int  9      God: Makhleb [****..]
Gold 134         SH  9     Dex 12      Spells:  0 memorised, 10 levels left

rFire  . . .     SeeInvis .     v - +5 flail (holy)
rCold  . . .     Clarity  .     A - +0 plate armour
rNeg   + . .     rCorr    .     c - +0 shield
rPois  +         rRot     +     i - +1 helmet
rElec  +         Spirit   .     s - +1 cloak
SustAb .         Warding  .     a - +2 pair of gloves of Straxiso {+Fly rElec}
rMut   .         Stasis   .     (no boots)
Gourm  .                        (no amulet)
MR     .....                    (no ring)
                                q - +4 ring of strength

@: about to teleport, not resistant to hostile enchantments, extremely
unstealthy
A: negative energy resistance 1, electricity resistance, unbreathing,
petrification resistance, rot immunity, AC +7
a: Minor Destruction, Lesser Servant of Makhleb, Major Destruction, Renounce
Religion, Evoke Flight


You were on level 1 of the Lair of Beasts.
You worshipped Makhleb.
Makhleb was greatly pleased with you.
You were not hungry.

You visited 3 branches of the dungeon, and saw 11 of its levels.

You collected 623 gold pieces.
You spent 489 gold pieces at shops.

Inventory:

Hand weapons
 j - a +2 antimagic whip
 v - a +5 flail of holy wrath (weapon)
Armour
 a - the +2 pair of gloves of Straxiso (worn) {+Fly rElec}
   (You bought it in a shop on level 9 of the Dungeon)

   It insulates you from electricity.
   It lets you fly.
 c - a +0 shield (worn)
 i - a +1 helmet (worn)
 s - a +1 cloak (worn)
 A - a +0 plate armour (worn)
Magical devices
 p - a wand of polymorph (16)
Comestibles
 d - 5 bread rations
Scrolls
 b - 2 scrolls of enchant weapon
 k - 3 scrolls of enchant armour
 l - 2 scrolls of identify
 m - 4 scrolls of teleportation
 w - 3 scrolls of remove curse
 y - 2 scrolls of magic mapping
 z - a scroll of fog
Jewellery
 q - a +4 ring of strength (left hand)
Potions
 e - 2 potions of might
 f - 3 potions of flight
 g - a potion of brilliance
 h - a potion of poison
 n - a potion of resistance
 x - a potion of haste {unknown}
 B - a potion of agility {unknown}
Books
 t - a book of the Earth

   Spells                             Type                      Level
   Leda's Liquefaction                Hexes/Earth                  4
   Bolt of Magma                      Conjuration/Fire/Earth       5
   Statue Form                        Transmutation/Earth          6
   Iron Shot                          Conjuration/Earth            6
   Shatter                            Earth                        9


   Skills:
 + Level 3.3 Fighting
 - Level 16.0 Maces & Flails
 - Level 3.2 Armour
 - Level 3.2 Shields


You had 10 spell levels left.
You didn't know any spells.

Dungeon Overview and Level Annotations

Branches:
Dungeon (9/15)             Temple (1/1) D:6            Lair (1/8) D:9
    Orc: D:9-12

Altars:
Dithmenos
Elyvilon
Gozag
Makhleb
Nemelex Xobeh
Sif Muna
Yredelemnul
The Shining One

Shops:
D:8 %   D:9 *([[

Portals:
Ice
Cave: Lair:1

Annotations:
Lair:1 vYxOr's ghost, powerful MiFi


Innate Abilities, Weirdness & Mutations

You are resistant to torment.
You are immune to poison.
Your stone body is very resilient (AC +7).
You resist negative energy.
You are resistant to electric shocks.
You can survive without breathing.
You are immune to petrification.
You are immune to rotting.


Message History

* * * LOW HITPOINT WARNING * * *
You block the white imp's attack.
The white imp hits you but does no damage. x3
You thump vYxOr's ghost!
VYxOr's ghost convulses!
VYxOr's ghost is almost destroyed.
You block the white imp's attack. You block vYxOr's ghost's attack.
Your plate armour prevents you from hitting vYxOr's ghost.
VYxOr's ghost is almost destroyed.
The white imp gestures at you. The puff of frost hits you!
The white imp completely misses you. You block the white imp's attack.
The white imp hits you but does no damage.
The white imp gestures at you. The puff of frost hits you!
VYxOr's ghost hits you but does no damage.
You hit vYxOr's ghost.
VYxOr's ghost convulses.
VYxOr's ghost is almost destroyed.
The white imp gestures at you. The puff of frost hits you!
You die...

##........(....##.##.
#.>..................
..#...................
##............#.....
#..........###.....
#.........## #.....
#........## #.....
##5W.....## #.>...
#55@5....# #.....
......555#..%.# #.....
.......####.... .....
.....#. .... #.
....... .... ......
...∩. .... .


You could see vYxOr's ghost and 7 white imps.

Vanquished Creatures
  A centaur warrior (D:9)
  Pikel (D:9)
  Joseph (D:9)
  The ghost of Charly the Digger, an average DEEE (D:4)
  A deep elf mage (D:9)
  Eustachio (D:7)
  5 yaks (D:9)
  A hill giant skeleton (D:9)
  2 hippogriffs (D:9)
  Edmund (D:6)
  Menkaure (D:5)
  3 wargs (D:9)
  2 black bears (D:9)
  4 orc warriors
  A sky beast (D:6)
  2 slaves (D:9)
  4 ogres
  2 phantoms
  2 ice beasts
  A yellow wasp (D:7)
  3 centaurs
  A crocodile (Lair:1)
  Blork the orc (D:9)
  2 giant frogs
  2 scorpions
  4 wights (D:6)
  A goliath beetle (D:8)
  6 hounds
  4 jellies
  A quasit (D:9)
  6 crimson imps
  2 gnoll shamans
  Crazy Yiuf (D:5)
  11 orc priests
  An iguana (D:4)
  A centaur skeleton (D:4)
  12 orc wizards
  A two-headed ogre skeleton (D:8)
  A giant frog skeleton (D:6)
  4 worker ants
  Terence (D:2)
  A worker ant zombie (D:6)
  19 adders
  10 gnolls
  A green rat (D:7)
  5 white imps (Lair:1)
  2 shadow imps
  4 worms
  2 orc zombies
  32 orcs
  14 bats
  2 bat skeletons
  4 giant cockroaches
  6 goblins
  19 hobgoblins
  22 jackals
  3 oozes
  5 quokkas
  9 ball pythons
  4 giant geckos
  6 giant newts
  A hobgoblin skeleton (D:6)
  16 kobolds
  A kobold skeleton (D:4)
  10 rats
301 creatures vanquished.

Vanquished Creatures (others)
  A giant frog (D:9)
1 creature vanquished.

Grand Total: 302 creatures vanquished

Notes
Turn   | Place    | Note
--------------------------------------------------------------
     0 | D:1      | Kenran, the Gargoyle Fighter, began the quest for the Orb.
     0 | D:1      | Reached XP level 1. HP: 14/14 MP: 1/1
   208 | D:1      | Reached XP level 2. HP: 19/19 MP: 2/2
   776 | D:2      | Reached XP level 3. HP: 16/23 MP: 3/3
   951 | D:2      | Noticed Terence
   971 | D:2      | Killed Terence
   971 | D:2      | Reached skill level 4 in Maces & Flails
  1009 | D:2      | Reached XP level 4. HP: 28/28 MP: 4/4
  1656 | D:3      | Reached skill level 5 in Maces & Flails
  1656 | D:3      | Reached XP level 5. HP: 29/32 MP: 5/5
  2001 | D:3      | Reached skill level 6 in Maces & Flails
  2223 | D:3      | Reached XP level 6. HP: 18/37 MP: 6/6
  2586 | D:3      | HP: 1/37 [orc wizard/magic dart (2)]
  3290 | D:4      | Noticed Charly's ghost (average DEEE)
  3322 | D:4      | Killed Charly's ghost
  3322 | D:4      | Reached skill level 7 in Maces & Flails
  3322 | D:4      | Reached XP level 7. HP: 23/41 MP: 7/7
  3608 | D:4      | Reached skill level 8 in Maces & Flails
  4552 | D:4      | Reached skill level 9 in Maces & Flails
  4668 | D:4      | Reached XP level 8. HP: 46/46 MP: 2/8
  4739 | D:5      | Entered Level 5 of the Dungeon
  4964 | D:5      | Noticed Menkaure
  4983 | D:5      | Killed Menkaure
  5627 | D:5      | Noticed Crazy Yiuf
  5633 | D:5      | Paralysed by Crazy Yiuf for 4 turns
  5642 | D:5      | Killed Crazy Yiuf
  5839 | D:6      | Reached skill level 10 in Maces & Flails
  5945 | D:6      | Noticed Edmund
  5978 | D:6      | Killed Edmund
  6210 | D:6      | Found a staircase to the Ecumenical Temple.
  6230 | Temple   | Entered the Ecumenical Temple
  6254 | Temple   | Became a worshipper of Makhleb the Destroyer
  6297 | D:6      | Reached skill level 11 in Maces & Flails
  6311 | D:6      | Reached XP level 9. HP: 47/51 MP: 9/9
  6828 | D:7      | Noticed Eustachio
  6958 | D:6      | Acquired Makhleb's first power
  7121 | D:7      | Killed Eustachio
  7121 | D:7      | Reached skill level 12 in Maces & Flails
  7821 | D:7      | Acquired Makhleb's second power
  7908 | D:7      | Reached skill level 13 in Maces & Flails
  8439 | D:8      | Reached XP level 10. HP: 43/56 MP: 10/10
  8440 | D:8      | Found Twoyrram's Food Emporium.
  8624 | D:8      | Acquired Makhleb's third power
  9311 | D:9      | Reached skill level 14 in Maces & Flails
  9771 | D:9      | Noticed Pikel
  9794 | D:9      | Killed Pikel
  9794 | D:9      | Reached skill level 15 in Maces & Flails
  9868 | D:9      | Found a staircase to the Lair.
 10027 | D:9      | Found Wumaul's General Store.
 10076 | D:9      | Found Cadwinnoa's Weapon Boutique.
 10185 | D:9      | Noticed Blork the orc
 10193 | D:9      | Killed Blork the orc
 10193 | D:9      | Acquired Makhleb's fourth power
 10210 | D:9      | Noticed a centaur warrior
 10220 | D:9      | Killed a centaur warrior
 10220 | D:9      | Reached XP level 11. HP: 50/60 MP: 11/11
 10233 | D:9      | Found Axuc's Armour Shop.
 10237 | D:9      | Bought the +2 pair of gloves of Straxiso {+Fly rElec} for 489 gold pieces
 10265 | D:9      | Found Urhoomyu's Armour Boutique.
 10298 | D:9      | Found an opulent altar of Gozag.
 10298 | D:9      | Found a white marble altar of Elyvilon.
 10323 | D:9      | Noticed Joseph
 10352 | D:9      | Killed Joseph
 10396 | D:9      | Reached skill level 16 in Maces & Flails
 10559 | Lair:1   | Entered Level 1 of the Lair of Beasts
 10606 | Lair:1   | Found a frozen archway.
 10608 | Lair:1   | Noticed vYxOr's ghost (powerful MiFi)
 10636 | Lair:1   | HP: 1/60 [vYxOr's ghost (4)]
 10639 | Lair:1   | Killed from afar by a white imp

Action                   |  1- 3 |  4- 6 |  7- 9 | 10-12 || total
-------------------------+-------+-------+-------+-------++-------
Melee: Flail             |   135 |   303 |   269 |   347 ||  1054
       Whip              |       |       |   413 |       ||   413
Invok: Minor Destruction |       |       |       |     1 ||     1
Evoke: Wand              |       |       |     3 |     2 ||     5
  Use: Scroll            |     2 |     2 |    12 |     4 ||    20
       Potion            |       |     3 |     3 |     3 ||     9
